 Dungeon Crawl Stone Soup version 0.31-a0-978-g1e143483b6 (webtiles) character file.

Game seed: 1299975718698245888

19 Arzdou the Changeling (level 2, 0/18 HPs)
             Began as an Octopode Shapeshifter on Oct 30, 2023.
             Slain by a hobgoblin (5 damage)
             ... on level 1 of the Dungeon.
             The game lasted 00:00:42 (316 turns).

Arzdou the Changeling (Octopode Shapeshifter)        Turns: 316, Time: 00:00:43

Health: 0/18       AC:  1    Str: 13    XL:     2   Next: 75%
Magic:  2/2        EV: 13    Int: 12    God:
Gold:   6          SH:  0    Dex: 11    Spells: 1/1 levels left

rFire   . .          .
                       - Unarmed
rCold   . . .        (no shield)
rNeg    . . .        (helmet currently unavailable)
rPois   .            (no amulet)
rElec   .            (no ring)
rCorr   .            (no ring)
SInv    .            (no ring)
Will    .....        (no ring)
Stlth   ++           (no ring)
HPRegen 0.23/turn    (no ring)
MPRegen 0.08/turn    (no ring)
                     (no ring)

%: no passive effects
@: beast-form
A: beast (slay +2), almost no armour, amphibious, 8 rings, camouflage 1,
gelatinous body 1, (nimble swimmer 1), tentacles
a: Begin Untransformation


You were on level 1 of the Dungeon.
You were a hulking beast.
You visited 1 branch of the dungeon, and saw 1 of its levels.

You collected 6 gold pieces.

Inventory:

Talismans
 b - a beast talisman
 c - a flux talisman
Scrolls
 d - a scroll of immolation {unknown}
 e - a scroll of blinking {unknown}
 f - 2 scrolls of identify {unknown}
 g - a scroll of teleportation {unknown}
Potions
 a - a potion of lignification


   Skills:
 - Level 1.1 Fighting
 - Level 2.0 Dodging
 - Level 3.0 Unarmed Combat
 + Level 3.7 Shapeshifting


You had one spell level left.
You didn't know any spells.
Your spell library was empty.

Dungeon Overview and Level Annotations

Branches:
Dungeon (1/15)

Altars:


Innate Abilities, Weirdness & Mutations

You are a hulking beast.
Your limbs bulge with bestial killing power. (Slay +2)
You cannot wear most types of armour.
You are amphibious.
You can wear up to eight rings at the same time.
Your skin changes colour to match your surroundings (Stealth+).
Your rubbery body absorbs attacks. (AC +1, EV +1)
((You are camouflaged when in or above water. (Stealth+)))
You have tentacles for arms and can constrict up to eight enemies at once.


Message History

Found a scroll labelled TEYHIANOYST.
You tentacle-slap the kobold.
You kill the kobold!
The hobgoblin hits you.
You bludgeon the hobgoblin!
You kill the hobgoblin!
No target in view!
g - a scroll labelled UPHUKALIMO 2 jackals come into view.
There are monsters nearby!
A hobgoblin comes into view.
The jackal barks!
The jackal bites you. x2
You miss the jackal.
The jackal barks!
Your grab misses the jackal. The jackal bites you.
You barely miss the jackal. You grab the jackal. You constrict the jackal.
The jackal bites you.
You tentacle-slap the jackal but do no damage.
The jackal is heavily wounded.
You constrict the jackal. The jackal misses you. The hobgoblin hits you.
The jackal bites you. The jackal closely misses you.
You are too injured to fight recklessly!
You are too injured to fight recklessly!
You bludgeon the jackal!
You kill the jackal!
The jackal closely misses you. The hobgoblin closely misses you.
You completely miss the jackal. Your grab misses the jackal.
The jackal bites you. The hobgoblin barely misses you.
You barely miss the jackal. Your grab misses the jackal. The jackal bites you.
The hobgoblin barely misses you. The jackal bites you.
* * * LOW HITPOINT WARNING * * *
You tentacle-slap the jackal. Your grab misses the jackal.
Your squeeze misses the jackal.
The jackal is moderately wounded.
The jackal closely misses you. The hobgoblin closely misses you.
You miss the jackal. Your grab misses the jackal.
The jackal is moderately wounded.
The jackal barely misses you. The hobgoblin hits you.
You die...

#########
........#.......#
........#.......
........#......
........#.....
......h.#.... ##
......gh#... .#
........##.#### ..
....?...#.....# ..
........#.....###. ..
...........)......
###
........##.######.
..#################.#
.......># ######.##
..#####.# #.......#


You could see a jackal and a hobgoblin.

Vanquished Creatures
  2 ball pythons (D:1)
  2 endoplasms (D:1)
  A giant cockroach (D:1)
  A goblin (D:1)
  2 hobgoblins (D:1)
  A jackal (D:1)
  A kobold (D:1)
  A quokka (D:1)
  2 bats (D:1)
  3 frilled lizards (D:1)
  A rat (D:1)
17 creatures vanquished.

Notes
Turn   | Place    | Note
-------+----------+-------------------------------------------
     0 | D:1      | Arzdou the Octopode Shapeshifter began the quest for the
                  | Orb.
     0 | D:1      | Reached XP level 1. HP: 13/13 MP: 1/1
    25 | D:1      | Reached XP level 2. HP: 17/18 MP: 2/2
   152 | D:1      | Found a faded altar of an unknown god.
   316 | D:1      | Slain by a hobgoblin

Illustrated notes

Levels and vault maps discovered:
D:1:      amcnicky_arrival_underground_garden, layout_basic,
          basic_ecumenical_altar, minmay_misc_feat_square

Action                     || total
---------------------------++-------
  Melee: Unarmed           ||    37
         Constrict         ||     5
         Tentacles         ||     4
   Stab: Sleeping          ||     2
 Armour: Skin              ||    19
  Dodge: Dodged            ||    24

Table legend: (Time is in decaauts)
 A = Elapsed time spent in this place.
 B = Non-inter-level travel time spent in this place.
 C = Inter-level travel time spent in this place.
 D = Time resting spent in this place.
 E = Time spent auto-exploring this place.
 F = Levels seen in this place.
 G = Mean time per level.
                   A        B        C        D        E       F      G
               +--------+--------+--------+--------+--------+-----+--------+
         Total |    314 |    314 |      0 |      0 |    235 |   1 |  314.0 |
       Dungeon |    314 |    314 |      0 |      0 |    235 |   1 |  314.0 |
               +--------+--------+--------+--------+--------+-----+--------+

Top non-repeatable levels by time:
     D:1: 314 daAuts
